 Dungeon Crawl Stone Soup version 0.30-a0-329-g85436e0a43 (webtiles) character file.

Game seed: 7855741324713879031

3532 themarg the Summoner (level 10, -11/70 HPs)
             Began as a Merfolk Summoner on Oct 29, 2022.
             Was an Initiate of Gozag.
             Mangled by a death yak (17 damage)
             ... on level 8 of the Dungeon.
             The game lasted 00:49:17 (11566 turns).

themarg the Summoner (Merfolk Summoner)            Turns: 11566, Time: 00:49:18

Health: -11/70     AC:  4    Str:  9    XL:     10   Next: 8%
Magic:  17/17      EV: 12    Int: 19    God:    Gozag
Gold:   1362       SH:  0    Dex: 14    Spells: 8/19 levels left

rFire   . . .      SeeInvis .    q - +0 spear
rCold   . . .      Faith    .    (no shield)
rNeg    . . .      Spirit   .    a - +0 robe
rPois   .          Reflect  .    (no helmet)
rElec   .          Harm     .    y - +0 cloak
rCorr   .          Rampage  .    d - +0 pair of gloves
Will    .....                    (no boots)
Stlth   ++........               (no amulet)
HPRegen 0.31/turn                (no ring)
MPRegen 0.15/turn                (no ring)

@: about to teleport
A: (nimble swimmer 2), mertail
a: Renounce Religion, Potion Petition, Call Merchant, Bribe Branch


You were on level 8 of the Dungeon.
You worshipped Gozag.
Gozag was most pleased with you.
You visited 1 branch of the dungeon, and saw 9 of its levels.

You collected 1362 gold pieces.

Inventory:

Hand Weapons
 f - a +0 short sword
 q - a +0 spear (weapon)
Missiles
 e - 66 stones
 i - a throwing net
 k - 34 poisoned darts
 B - a boomerang
 J - 3 curare-tipped darts
Armour
 a - a +0 robe (worn)
 d - a +0 pair of gloves (worn)
 y - a +0 cloak (worn)
 D - a +2 kite shield
Jewellery
 c - a ring of see invisible
 w - a +6 ring of dexterity
 G - a +6 ring of intelligence
Wands
 r - a wand of digging (2)
 C - a wand of light (7)
Scrolls
 g - a scroll of torment
 h - a scroll of enchant weapon {unknown}
 l - a scroll of poison {unknown}
 m - 3 scrolls of amnesia
 n - a scroll of immolation {unknown}
 p - a scroll of blinking {unknown}
 s - 2 scrolls of silence {unknown}
 u - a scroll of acquirement {unknown}
 v - 3 scrolls of magic mapping
 E - 2 scrolls of vulnerability
 I - a scroll of fog {unknown}
Potions
 b - 2 potions of magic
 j - a potion of flight
 o - 3 potions of berserk rage
 t - 2 potions of mutation
 z - 3 potions of attraction {unknown}
 F - 2 potions of curing
 H - 2 potions of might
 K - a potion of haste


   Skills:
 + Level 3.5 Fighting
 - Level 7.8 Polearms
 - Level 2.6 Dodging
 - Level 3.0 Stealth
 + Level 4.1 Shields
 - Level 5.0 Spellcasting
 + Level 10.9 Summonings


You had 8 spell levels left.
You knew the following spells:

 Your Spells              Type           Power      Damage    Failure   Level
a - Summon Small Mammal   Summ           100%       N/A       1%          1
b - Call Canine Familiar  Summ           46%        N/A       1%          3
c - Summon Guardian Gole  Hex/Summ       25%        N/A       4%          3
d - Summon Lightning Spi  Summ/Air       25%        N/A       13%         4

Your spell library contained the following spells:

 Spells                   Type           Power      Damage    Failure   Level
 Call Imp                 Summ           46%        N/A       1%          2
 Beastly Appendage        Tmut           8%         N/A       12%         1
 Sandblast                Erth           8%         2d5       12%         1
 Shock                    Conj/Air       16%        1d4       12%         1
 Slow                     Hex            16%        N/A       12%         1
 Passwall                 Tmut/Erth      3%         N/A       19%         2
 Confusing Touch          Hex            4%         N/A       36%         3
 Ignite Poison            Fire/Tmut/Pois 4%         N/A       36%         3
 Inner Flame              Hex/Fire       4%         N/A       36%         3
 Kindle Blastsparks       Fire/Tloc/Air  8%         2d10      36%         3
 Stone Arrow              Conj/Erth      8%         3d7       36%         3
 Swiftness                Air            4%         N/A       36%         3
 Vampiric Draining        Necr           4%         2d6       36%         3
 Airstrike                Air            2%         2d(1-17)  77%         4
 Flame Wave               Conj/Fire      4%         2d5       77%         4
 Sticky Flame             Conj/Fire      4%         2d3       77%         4
 Blade Hands              Tmut           2%         N/A       98%         5
 Freezing Cloud           Conj/Ice/Air   2%         6-21      98%         5
 Irradiate                Conj/Tmut      2%         3d12      98%         5
 Dragon Form              Tmut           2%         N/A       100%        7


Dungeon Overview and Level Annotations

Branches:
Dungeon (9/15)             Temple (0/1) D:7
   Lair: D:8-11         Orc: D:9-12

Altars:
Gozag
Okawaru
Ru
The Shining One

Annotations:
D:2 Sigmund
D:7 exclusion: 2 two-headed ogres


Innate Abilities, Weirdness & Mutations

((You are very nimble when in or above water. (Stealth+, EV+, Speed+++)))
Your lower body shifts to a powerful aquatic tail in water.


Message History

A death yak comes into view.
The yak snorts and paws the ground.
The yak barely misses your lightning spire.
The yak gores your guardian golem!
Your wolf bites the death yak but does no damage.
Your wolf bites the death yak.
The yak gores your lightning spire. The yak gores your guardian golem!
Your wolf bites the death yak.
Your wolf closely misses the death yak.
Your guardian golem overheats!
Your lightning spire shoots out a bolt of lightning at the death yak!
The bolt of electricity hits your wolf!
The bolt of electricity hits the death yak!
The bolt of electricity hits the death yak.
Flame seeps out of your guardian golem. The yak gores your lightning spire.
Flame seeps out of your guardian golem.
You climb upwards.
There is a stone staircase leading down here.
You start resting.
Magic restored.
There is an open door here.
There is a stone staircase leading down here.
You climb downwards.
The death yak gores you!
There is a stone staircase leading up, spattered with blood here.
The yak gores you. The death yak gores you!!
You climb upwards.
There is a stone staircase leading down here.
As you read the scroll of teleportation, it crumbles to dust.
You feel strangely unstable. The death yak gores you!!
* * * LOW HITPOINT WARNING * * *
The yak gores you but does no damage.
You feel much better. The death yak gores you!!
* * * LOW HITPOINT WARNING * * *
The yak gores you.
* * * LOW HITPOINT WARNING * * *
As you read the scroll of fear, it crumbles to dust.
You assume a fearsome visage.
The death yak resists with almost no effort.
The yak looks frightened!
The death yak gores you!
You die...
Your body crumbles into a pile of gold.

....## #......[..###.# #
.##..###### #.............# #
.###......##########'#########
# ## #####......# ##..# # #
#......####..#### # #
#......##.......# ###### #
#..[.........##.# #..... #
#.........Y..##.#####.#### #
#........@...##....##.#### #
#####....Y...#####.##..... #
#........#####.####### #
######...........##........ #
#....#.#.........##########
#### #h#....#.........# ...#
#.#..........##### ##.#
#.#.########## ...# #.#....#


You could see a death yak and a yak (fleeing).

Vanquished Creatures
  Joseph (D:7)
  A wyvern (D:8)
  A water moccasin (D:3)
  An ice beast (D:4)
  A hound (D:6)
  An iguana (D:5)
  An orc wizard (D:6)
  2 gnolls
  3 adders (D:2)
  A shadow imp (D:5)
  An ufetubus (D:4)
  2 worms (D:2)
  A dart slug (D:1)
  An orc (D:5)
  2 ball pythons
  2 bats
  An endoplasm (D:2)
  A goblin (D:2)
  2 hobgoblins (D:2)
  2 frilled lizards
  A rat (D:2)
29 creatures vanquished.

Vanquished Creatures (collateral kills)
  2 water moccasins
  3 ice beasts
  A black bear (D:5)
  2 ogres
  2 bullfrogs (D:8)
  2 scorpions
  7 killer bees (D:8)
  2 howler monkeys
  3 jellies
  2 hounds (D:4)
  A gnoll bouda (D:5)
  3 orc priests (D:6)
  Jessica (D:2)
  3 iguanas
  Natasha (D:2)
  3 orc wizards (D:6)
  10 adders
  7 gnolls
  A shadow imp (D:5)
  2 white imps (D:5)
  3 worms
  4 dart slugs
  8 orcs
  4 bats
  3 endoplasms
  6 giant cockroaches
  5 goblins
  8 hobgoblins
  3 quokkas
  4 ball pythons
  5 frilled lizards
  9 kobolds
  5 rats
125 creatures vanquished.

Vanquished Creatures (others)
  Maggie (D:8)
  An orc warrior (D:6)
  A bullfrog (D:6)
  2 killer bees (D:8)
  A howler monkey (D:8)
  A hound (D:6)
  An orc priest (D:6)
8 creatures vanquished.

Grand Total: 162 creatures vanquished

Notes
Turn   | Place    | Note
-------+----------+-------------------------------------------
     0 | D:1      | themarg the Merfolk Summoner began the quest for the Orb.
     0 | D:1      | Reached XP level 1. HP: 13/13 MP: 3/3
   228 | D:1      | Found a faded altar of an unknown god.
   303 | D:1      | Got Plato's Omnibus of Sculpting
   404 | D:1      | Reached XP level 2. HP: 19/19 MP: 1/5
  1281 | D:1      | Prayed at the altar of an unknown god.
  1281 | D:1      | Became a worshipper of Gozag Ym Sagoz the Greedy
  1346 | D:2      | Reached XP level 3. HP: 24/24 MP: 3/6
  1388 | D:2      | Noticed Jessica
  1596 | D:2      | Noticed Natasha
  1615 | D:1      | Learned a level 3 spell: Call Canine Familiar
  1801 | D:2      | Noticed Sigmund
  2104 | D:2      | Reached XP level 4. HP: 30/30 MP: 5/7
  2325 | D:2      | Killed Natasha
  2326 | D:2      | Reached skill level 5 in Summonings
  2710 | D:2      | Killed Jessica
  2711 | D:2      | Reached XP level 5. HP: 35/35 MP: 4/9
  3031 | D:3      | Noticed a water moccasin
  3058 | D:3      | Killed a water moccasin
  3059 | D:3      | Reached skill level 6 in Summonings
  3059 | D:3      | Reached XP level 6. HP: 13/41 MP: 5/11
  4373 | D:4      | Noticed an ice beast
  4394 | D:4      | Found a sacrificial altar of Ru.
  4546 | D:4      | Reached XP level 7. HP: 46/46 MP: 6/13
  4553 | D:4      | Reached skill level 7 in Summonings
  5292 | D:5      | Entered Level 5 of the Dungeon
  5967 | D:5      | Reached skill level 8 in Summonings
  6043 | D:5      | Reached skill level 1 in Fighting
  6127 | D:5      | Reached XP level 8. HP: 30/54 MP: 13/15
  6292 | D:5      | Learned a level 3 spell: Summon Guardian Golem
  6308 | D:5      | Found a glowing golden altar of the Shining One.
  6996 | D:6      | Reached skill level 5 in Spellcasting
  7394 | D:6      | Reached skill level 1 in Polearms
  7416 | D:6      | Reached skill level 9 in Summonings
  8214 | D:6      | Reached XP level 9. HP: 29/64 MP: 2/16
  8219 | D:6      | HP: 1/64 [orc priest/divine providence (15)]
  8783 | D:7      | Noticed Joseph
  9186 | D:7      | Reached skill level 5 in Polearms
  9186 | D:7      | Reached skill level 10 in Summonings
  9454 | D:7      | Noticed a two-headed ogre
  9454 | D:7      | Noticed a two-headed ogre
  9538 | D:7      | Found a staircase to the Ecumenical Temple.
  9759 | D:7      | Learned a level 4 spell: Summon Lightning Spire
  9968 | D:7      | Killed Joseph
  9969 | D:7      | Reached skill level 1 in Shields
 10457 | D:8      | Noticed Maggie
 10486 | D:8      | Killed Maggie
 10869 | D:8      | Found an iron altar of Okawaru.
 10908 | D:8      | Reached XP level 10. HP: 70/70 MP: 17/17
 11470 | D:9      | Noticed a death yak
 11476 | D:9      | Noticed a death yak
 11478 | D:9      | Noticed a death yak
 11566 | D:8      | Mangled by a death yak

Illustrated notes

Levels and vault maps discovered:
D:1:      wheals_arrival_linesprint, layout_loops_ring,
          shapermc_ecumenical_altar_rom_forum, minmay_strange_pillars
D:2:      layout_basic, uniq_natasha, uniq_sigmund, uniq_jessica
D:3:      minmay_recursive_quarters, layout_basic,
          chequers_serial_rivers_micro_d
D:4:      layout_loops_ring, hangedman_ru_absence, minmay_between
D:5:      layout_basic, nicolae_tso_carved_into_rock, corexii_leaking_fountain,
          kennysheep_decorative_pillar
D:6:      layout_basic
D:7:      layout_loops_ring, minmay_temple_entry_junction_2,
          hellmonk_guarded_unrand_gyre_and_gimble, uniq_joseph
D:8:      layout_basic, okawaru_trees_1, uniq_maggie
D:9:      layout_loops_cross, lightli_temple_of_fire, dpeg_lair_monsters,
          david_orc_4, serial_shops, nicolae_lakefront_shop,
          lightli_orcish_oven, uniq_gastronok

Skill      XL: |  1  2  3  4  5  6  7  8  9 10 |
---------------+-------------------------------+-----
Stealth        | 3 |  3.0
Summonings     | 5 6 8 9 10 | 10.9
Spellcasting   | 3 4 5 |  5.0
Fighting       | 1 3 |  3.5
Polearms       | 4 7 |  7.8
Shields        | 3 4 |  4.1
Dodging        | |  2.6

Action                   |  1- 3 |  4- 6 |  7- 9 | 10-12 || total
-------------------------+-------+-------+-------+-------++-------
Melee: Short sword       |    35 |       |       |       ||    35
       Spear             |    14 |    96 |   233 |    20 ||   363
 Cast: Summon Small Mamm |    59 |    19 |    41 |       ||   119
       Call Canine Famil |     2 |    24 |    62 |     6 ||    94
       Summon Guardian G |       |       |    15 |     4 ||    19
       Summon Lightning  |       |       |     8 |     3 ||    11
Evoke: Wand              |       |       |     3 |       ||     3
  Use: Potion            |       |     3 |     2 |     1 ||     6
       Scroll            |       |     1 |     9 |     2 ||    12
 Stab: Sleeping          |     1 |       |       |       ||     1
       Distracted        |       |     4 |     5 |     1 ||    10
Armor: Robe              |     8 |    18 |    30 |     4 ||    60
Dodge: Dodged            |    33 |    36 |    89 |     7 ||   165

Table legend: (Time is in decaauts)
 A = Elapsed time spent in this place.
 B = Non-inter-level travel time spent in this place.
 C = Inter-level travel time spent in this place.
 D = Time resting spent in this place.
 E = Time spent auto-exploring this place.
 F = Levels seen in this place.
 G = Mean time per level.
                   A        B        C        D        E       F      G
               +--------+--------+--------+--------+--------+-----+--------+
         Total |  11568 |  11023 |    545 |   4026 |   4911 |   9 | 1285.3 |
       Dungeon |  11568 |  11023 |    545 |   4026 |   4911 |   9 | 1285.3 |
               +--------+--------+--------+--------+--------+-----+--------+

Top non-repeatable levels by time:
     D:5: 1934 daAuts
     D:8: 1591 daAuts
     D:4: 1550 daAuts
     D:1: 1456 daAuts
     D:6: 1402 daAuts
     D:2: 1342 daAuts
     D:3: 1244 daAuts
     D:7: 1033 daAuts
     D:9: 14 daAuts
